 Dungeon Crawl Stone Soup version 0.21.0-25-ge575cb9 (webtiles) character file.

321860 tidbits the Epochal (level 21, -21/146 HPs)
             Began as a Gnoll Enchanter on Jan 26, 2018.
             Was an Elder of Cheibriados.
             Killed by the air
             ... invoked by a titan
              (44 damage)
             ... on level 5 of the Vaults.
             The game lasted 03:12:39 (12103 turns).

tidbits the Epochal (Gnoll Enchanter)              Turns: 12103, Time: 03:12:40

Health: -21/146    AC: 20    Str: 20    XL:     21   Next: 12%
Magic:  17/39      EV: 34    Int: 38    God:    Cheibriados [****..]
Gold:   843        SH: 16    Dex: 32    Spells: 7/48 levels left

rFire    + . .     SeeInvis +   a - +9 broad axe (drain)
rCold    . . .     Gourm    .   D - +1 shield {reflect}
rNeg     + . .     Faith    .   B - +4 troll leather armour
rPois    +         Spirit   .   E - +2 helmet {SInv}
rElec    +         Reflect  +   C - +2 cloak {MR+}
rCorr    .         Harm     .   G - +0 pair of gloves
MR       +++..                  F - +0 pair of boots "Upifukk" {MR+ Dex+2} (curse)
Stlth    ++++++++..             R - amulet of magic regeneration
HPRegen  1.74/turn              P - ring of poison resistance
MPRegen  0.51/turn              Y - ring of the Aged Stars {rF+ rN+ Int+2 Slay+5}

@: agile, about to teleport, very slightly contaminated, regenerating, very slow
A: distributed training, fangs 1, frail 1, electricity resistance, strong nose
}: 3/15 runes: serpentine, barnacled, silver
a: Bend Time, Temporal Distortion, Slouch, Renounce Religion


You were on level 5 of the Vaults.
You worshipped Cheibriados.
Cheibriados was greatly pleased with you.
You were not hungry.

You visited 8 branches of the dungeon, and saw 40 of its levels.
You also visited: Sewer.

You collected 3477 gold pieces.
You spent 2634 gold pieces at shops.

Inventory:

Hand Weapons
 a - a +9 broad axe of draining (weapon)
   (You subdued it on level 3 of the Elven Halls)
 d - a +2 dagger of venom
   (You took it off an orc on level 8 of the Dungeon)
Missiles
 n - 288 arrows
 O - 26 javelins of penetration (quivered)
 U - 10 throwing nets {!f}
Armour
 B - a +4 troll leather armour (worn)
 C - a +2 cloak of magic resistance (worn)
   (You bought it in a shop on level 2 of the Orcish Mines)
 D - a +1 shield of reflection (worn)
   (You bought it in a shop on level 3 of the Elven Halls)
 E - a +2 helmet of see invisible (worn)
   (You found it on level 2 of the Shoals)
 F - the cursed +0 pair of boots "Upifukk" (worn) {MR+ Dex+2}
   (You bought it in a shop on level 2 of the Orcish Mines)

   It affects your dexterity (+2).
   It affects your resistance to hostile enchantments.
   It has a curse placed upon it.
 G - a +0 pair of gloves (worn)
Jewellery
 b - an uncursed ring of flight
   (You found it on level 2 of the Lair of Beasts)
 K - an uncursed ring of resist corrosion
   (You bought it in a shop on level 3 of the Vaults)
 P - a ring of poison resistance (left hand)
   (You took it off an orc warrior on level 8 of the Dungeon)
 R - an amulet of magic regeneration (around neck)
   (You found it on level 3 of the Snake Pit)
 V - a +3 ring of evasion
   (You found it on level 3 of the Elven Halls)
 W - an uncursed ring of wizardry
   (You found it on level 3 of the Elven Halls)
 Y - the ring of the Aged Stars (right hand) {rF+ rN+ Int+2 Slay+5}
   (You found it on level 3 of the Elven Halls)

   [ring of protection from fire]

   It affects your intelligence (+2).
   It affects your accuracy and damage with ranged weapons and melee attacks
   (+5).
   It protects you from fire.
   It protects you from negative energy.
Wands
 e - a wand of acid (10)
 j - a wand of paralysis (15)
 o - a wand of clouds (3)
 q - a wand of digging (16)
 v - a wand of polymorph (30)
 M - a wand of flame (45)
 T - a wand of enslavement (9)
Scrolls
 g - a scroll of blinking
 h - a scroll of brand weapon
 i - 4 scrolls of identify
 l - 4 scrolls of teleportation
 m - a scroll of holy word
 r - 15 scrolls of remove curse
 s - 9 scrolls of fear
 x - a scroll of summoning
 y - 2 scrolls of enchant weapon
 A - 2 scrolls of immolation
 I - a scroll of fog
Potions
 f - 4 potions of magic
 p - a potion of resistance
 z - 4 potions of brilliance
 H - 2 potions of ambrosia
 J - a potion of lignification
 L - a potion of invisibility
 N - a potion of flight
 Q - 7 potions of curing
Books
 u - a book of the Sky
   (You found it on level 5 of the Vaults)

   Spells                             Type                      Level
   a - Summon Lightning Spire         Summoning/Air                4
   b - Silence                        Hexes/Air                    5
   c - Deflect Missiles               Charms/Air                   6
   d - Conjure Ball Lightning         Conjuration/Air              6
   e - Tornado                        Air                          9
Miscellaneous
 k - a phial of floods
 t - a lightning rod (4/4)
 S - a phantom mirror
 X - 2 boxes of beasts
 Z - a lamp of fire
Comestibles
 c - 31 rations


   Skills:
 + Level 13.6 Fighting
 + Level 13.8 Short Blades
 + Level 13.6 Long Blades
 + Level 13.6 Axes
 + Level 13.6 Maces & Flails
 + Level 13.6 Polearms
 + Level 13.6 Staves
 + Level 13.6 Slings
 + Level 13.6 Bows
 + Level 13.6 Crossbows
 + Level 13.6 Throwing
 + Level 13.6 Armour
 + Level 14.2 Dodging
 + Level 14.6 Stealth
 + Level 13.6 Shields
 + Level 13.6 Unarmed Combat
 + Level 14.3 Spellcasting
 + Level 11.7 Conjurations
 + Level 12.7 Hexes
 + Level 11.7 Charms
 + Level 11.7 Summonings
 + Level 11.7 Necromancy
 + Level 11.7 Translocations
 + Level 11.7 Transmutations
 + Level 11.7 Fire Magic
 + Level 11.7 Ice Magic
 + Level 11.7 Air Magic
 + Level 11.7 Earth Magic
 + Level 11.7 Poison Magic
 + Level 14.6 Invocations
 + Level 13.6 Evocations


You had 7 spell levels left.
You knew the following spells:

 Your Spells              Type           Power        Failure   Level  Hunger
b - Blink                 Tloc           N/A          1%          2    None
c - Confuse               Hex            #######.     1%          3    None
h - Blade Hands           Tmut           #######...   1%          5    None
k - Sticks to Snakes      Tmut           #######.     1%          2    None
m - Mephitic Cloud        Conj/Pois/Air  #######.     1%          3    None
r - Regeneration          Chrm/Necr      #######...   1%          3    None
v - Borgnjor's Vile Clut  Necr/Erth      #######...   1%          5    None
A - Apportation           Tloc           ######       0%          1    None
D - Death Channel         Necr           #######...   1%          6    #......
N - Animate Dead          Necr           N/A          1%          4    None
R - Irradiate             Conj/Tmut      #######...   1%          5    None
Z - Sublimation of Blood  Necr           #######...   1%          2    None


Dungeon Overview and Level Annotations

Branches:
Dungeon (15/15)            Temple (1/1) D:6            Lair (6/6) D:9
 Shoals (4/4) Lair:4        Snake (4/4) Lair:2        Slime (0/5) Lair:6
    Orc (2/2) D:10            Elf (3/3) Orc:2        Vaults (5/5) D:13
  Crypt (0/3) Vaults:3     Depths (0/5) D:15

Altars:
Ashenzari
Cheibriados
Dithmenos
Fedhas
Gozag
Hepliaklqana
Kikubaaqudgha
Makhleb
Nemelex Xobeh
Okawaru
Qazlal
Ru
Sif Muna
Trog
Uskayaw
Vehumet
Wu Jian
Xom
Yredelemnul
The Shining One
Beogh
Jiyva

Shops:
Orc:1 :   Orc:2 [*[}   Elf:3 *[   Snake:1 [(   Vaults:3 (*?

Portals:
Bazaar: D:15

Annotations:
Shoals:4 Ilsuiw


Innate Abilities, Weirdness & Mutations

Your experience applies equally to all skills.
You have very sharp teeth.
Your uncanny sense of smell can sniff out nearby items.
You are frail. (-10% HP)
You are resistant to electric shocks. (rElec)


Message History

You kill the storm dragon!
Cheibriados thoroughly appreciates the change of pace.
The zombie hands constrict the storm dragon!
The zombie hands constrict the vault guard!
You kill the vault guard!
Cheibriados thoroughly appreciates the change of pace.
You block the storm dragon's attack. The storm dragon claws you.
* * * LOW HITPOINT WARNING * * *
The storm dragon misses you.
A stone giant comes into view.
Okay, then.
You slice the storm dragon!!
The storm dragon is severely wounded.
The zombie hands constrict the storm dragon!
The storm dragon breathes lightning at you.
The bolt of lightning misses you. You block the vault guard's attack.
The stone giant throws a large rock.
The large rock completely misses you.
The storm dragon bites you but does no damage.
The storm dragon misses you. The storm dragon tramples you.
* * * LOW HITPOINT WARNING * * *
You stumble backwards!
The zombie hands lose their grip on the storm dragon.
You hear a shout!
Lightning arcs down from a storm cloud!
A titan and a phantasmal warrior come into view.
You barely miss the storm dragon.
The storm dragon is almost dead.
You slash the stone giant!
You are standing in a thunderstorm.
The phantasmal warrior blinks!
You block the vault guard's attack. The storm dragon bites you!
* * * LOW HITPOINT WARNING * * *
You block the storm dragon's attack. The storm dragon closely misses you.
The vault guard hits you but does no damage.
The stone giant hits you.
* * * LOW HITPOINT WARNING * * *
You can feel time thicken for a moment.
You kill the storm dragon!
Cheibriados thoroughly appreciates the change of pace.
Cheibriados lowers the support of your attributes as your movement quickens.
You are standing in a thunderstorm.
The phantasmal warrior completely misses you.
The stone giant barely misses you.
Lightning arcs down from a storm cloud!
A sphinx comes into view.
Okay, then.
You feel agile all of a sudden.
You are standing in a thunderstorm.
You are struck by lightning!
You resist.
* * * LOW HITPOINT WARNING * * *
You hear a shout! x4
You block the vault guard's attack.
The sphinx casts a spell.
Something smites you!
* * * LOW HITPOINT WARNING * * *
You block the vault guard's attack.
The phantasmal warrior hits you but does no damage.
The lich is struck by lightning.
Lightning arcs down from a storm cloud!
A titan comes into view.
Okay, then.
Unknown command.
Okay, then.
Okay, then.
Unknown command.
Blink to where?
Press: ? - help, Dir - move target cursor You are very lightly contaminated with residual magic.
As you read the scroll of blinking, it crumbles to dust.
The phantasmal warrior blinks!
The stone giant throws a large rock.
You reflect the large rock off your +1 shield of reflection!
The large rock hits the stone giant!!
You hear a mighty clap of thunder! x2
Unknown command.
Evoke which item? (* to show all) (? for menu, Esc to quit)
Aiming: Cloud Cone
Press: ? - help, Dir - move target cursor You create a blast of poison gas!
The phantasmal warrior blinks!
Unknown command.
Okay, then.
Okay, then.
Casting: Borgnjor's Vile Clutch
Confirm with . or Enter, or press ? or * to list all spells.
Your skin crawls.
The phantasmal warrior blinks!
Unknown command.
Okay, then.
As you read the scroll of teleportation, it crumbles to dust.
You feel strangely unstable.
The stone giant throws a large rock.
You reflect the large rock off your +1 shield of reflection!
The large rock hits the stone giant.
The vault guard is engulfed in poison gas.
The vault guard is poisoned.
The titan points at you and mumbles some strange words.
The bolt of lightning misses you.
Unknown command.
The lich mumbles some strange words.
The lich seems to speed up.
The stone giant is engulfed in poison gas.
The stone giant is poisoned.
The vault guard is engulfed in poison gas.
The vault guard looks even sicker.
The titan waves its arms in wide circles.
The air twists around and strikes you!
You die...

######################
......................
.......@.Wp§L§....... #######
##########§§C§(...#####
.......
.......##..§§§)§)C..§.#
#############....#..#p§C)#....
............##.....##()))# .
.##########..#..#.###.)H.# ##
##.##.#..##....# ###
#..#.#..##....# ∆ ..#
##.#.#..##....#


You could see a titan, a stone giant, a lich, a vault guard and a phantasmal
warrior.

Vanquished Creatures
  Saint Roka (Vaults:3)
  A golden dragon (Vaults:5)
  4 tentacled monstrosities (Vaults:5)
  2 deep elf master archers (Elf:3)
  2 deep elf blademasters (Elf:3)
  Polyphemus (Shoals:4)
  3 sphinxes
  2 quicksilver dragons (Vaults:5)
  Frances (D:14)
  2 storm dragons (Vaults:5)
  3 tengu reavers (Vaults:5)
  8 nagarajas
  A fire giant (Vaults:5)
  An iron dragon (Vaults:5)
  A frost giant (Vaults:5)
  4 deep elf sorcerers
  An orc warlord (Orc:2)
  6 vault wardens
  6 deep elf elementalists
  2 ironheart preservers
  2 very ugly things (Vaults:5)
  5 stone giants
  2 deep elf demonologists (Elf:3)
  An entropy weaver (Vaults:1)
  A large abomination (Elf:3)
  Azrael (D:14)
  4 deep elf annihilators
  5 ettins
  4 merfolk javelineers (Shoals:4)
  4 merfolk impalers
  4 deep elf death magi (Elf:3)
  Josephine (Orc:1)
  2 fire dragons
  An eidolon (Vaults:3)
  A great orb of eyes (Vaults:5)
  Harold (Lair:3)
  7 deep elf high priests
  A yaktaur captain (Vaults:5)
  2 ice dragons
  6 vault guards
  10 naga warriors
  4 centaur warriors
  A catoblepas (Shoals:4)
  9 anacondas
  21 two-headed ogres
  Erica (D:8)
  A satyr (Shoals:4)
  3 ogre magi
  11 dancing weapons
  7 merfolk aquamancers
  A death knight (Vaults:5)
  3 deep troll earth magi (Vaults:1)
  An alligator snapping turtle (Shoals:4)
  9 death yaks
  A tengu warrior (D:13)
  3 orc high priests (Orc:2)
  A shock serpent (shapeshifter) (Vaults:5)
  6 naga sharpshooters
  6 shock serpents
  15 deep elf knights
  8 skeletal warriors
  A golden dragon zombie (D:15)
  A soul eater (Vaults:3)
  2 salamander mystics
  4 deep trolls
  A deep troll (shapeshifter) (Vaults:3)
  2 phantasmal warriors
  7 deep elf archers
  22 sea snakes
  5 naga ritualists
  Pikel (D:6)
  4 wizards
  8 ironbrand convokers
  10 harpies
  5 necromancers
  23 deep elf magi
  14 ugly things
  A kraken simulacrum (Shoals:4)
  7 fauns
  A fire giant zombie (Vaults:3)
  3 wolf spiders
  12 orc knights
  8 mana vipers
  3 orc sorcerers
  3 salamanders
  10 manticores
  A salamander (shapeshifter) (Vaults:3)
  11 naga magi
  3 cyclopes
  6 elephants (Lair:5)
  4 water nymphs
  6 merfolk sirens
  8 guardian serpents
  4 spiny frogs (Lair:6)
  3 vault sentinels
  23 black mambas
  2 centaur zombies
  A gargoyle (D:13)
  The ghost of tidbits the Stinger, a novice GnVM (D:8)
  An efreet (D:15)
  4 komodo dragons
  4 yaktaurs (Vaults:2)
  A redback zombie (D:14)
  A guardian mummy (D:15)
  A spriggan zombie (D:15)
  A freezing wraith (Vaults:4)
  10 merfolk
  2 wind drakes (Shoals:2)
  Grinder (D:4)
  3 hornets
  4 trolls
  4 blink frogs (Lair:6)
  3 hippogriffs
  A stone giant simulacrum (Vaults:3)
  A deep troll zombie (D:15)
  6 snapping turtles
  9 slime creatures
  A centaur simulacrum (D:15)
  9 wraiths
  A spriggan (D:8)
  A shadow (Vaults:3)
  2 air elementals (Elf:3)
  A redback (Vaults:3)
  33 yaks
  9 wyverns
  2 basilisks (Lair:2)
  4 fire elementals
  17 humans (D:13)
  4 water elementals
  Grum (D:9)
  2 chaos spawn (D:10)
  A hungry ghost (D:7)
  14 vampire mosquitoes
  12 wargs
  A soldier ant (D:13)
  46 nagas
  An ogre skeleton (Vaults:1)
  Duvessa (D:6)
  A hell hound (D:14)
  3 porcupines
  18 water moccasins
  A floating eye (Vaults:1)
  A black bear (Lair:5)
  56 orc warriors
  4 ice beasts
  14 ogres
  2 phantoms
  An eye of draining (D:13)
  A hornet zombie (D:14)
  5 wolves
  7 centaurs
  A yaktaur zombie (Vaults:1)
  6 crocodiles
  A big kobold (D:14)
  2 human zombies (Vaults:3)
  14 bullfrogs
  A human skeleton (Vaults:1)
  3 wyvern zombies
  Dowan (D:6)
  A wyvern skeleton (D:6)
  6 scorpions
  4 killer bees (D:11)
  8 wights
  An electric eel (Lair:5)
  8 lava snakes
  7 crimson imps
  2 bullfrog zombies
  3 hounds
  A quasit (D:9)
  A gnoll shaman (Orc:2)
  A jelly (D:12)
  29 orc priests
  25 orc wizards
  2 bullfrog skeletons
  7 centaur skeletons
  3 iguanas
  7 worker ants
  3 hound skeletons
  2 mummies (D:14)
  11 adders
  A river rat (D:5)
  A shadow imp (D:10)
  2 oozes
  An adder skeleton (D:10)
  A dart slug (D:4)
  8 leopard geckos
  107 orcs
  2 ball pythons
  8 bats
  4 giant cockroaches
  4 goblins
  4 hobgoblins
  7 jackals
  9 kobolds
  A quokka skeleton (D:5)
  5 rats
  5 fungi
  12 plants
  2 withered plants (D:15)
1139 creatures vanquished.

Vanquished Creatures (collateral kills)
  2 nagarajas (Snake:4)
  A merfolk javelineer (Shoals:4)
  An ogre mage (D:14)
  2 merfolk impalers (Shoals:4)
  A naga warrior (Snake:4)
  A two-headed ogre (D:14)
  A death knight (D:15)
  2 naga sharpshooters (Snake:4)
  2 manticores
  A spiny frog (Lair:6)
  A black mamba (Lair:6)
  A vault sentinel (Vaults:3)
  A rime drake (Lair:6)
  A komodo dragon (Lair:6)
  A freezing wraith (D:15)
  A yaktaur (Shoals:4)
  A yaktaur skeleton (D:15)
  2 merfolk (Shoals:3)
  A snapping turtle (Shoals:4)
  A redback (Lair:6)
  A wraith (D:15)
  2 yaks (D:11)
  2 water elementals
  A wyvern (Lair:6)
  A vampire mosquito (D:14)
  A warg (Orc:1)
  2 nagas (Snake:4)
  2 water moccasins (Lair:6)
  An ogre (D:14)
  A centaur skeleton (D:9)
  An orc wizard (D:9)
  An adder (D:9)
  An orc (Orc:2)
  2 fungi (Lair:6)
  2 plants (Lair:6)
46 creatures vanquished.

Vanquished Creatures (others)
  2 deep elf master archers (Elf:3)
  A very ugly thing (Vaults:5)
  A stone giant (Vaults:4)
  4 deep elf archers
  2 deep elf magi (Elf:2)
  A black mamba (Lair:6)
  A yaktaur (Vaults:2)
  A naga (Snake:4)
  An orc priest (D:10)
  3 orcs (D:10)
  A goblin (D:10)
  4 fungi
  4 plants
  6 tentacles (Shoals:4)
  3 withered plants (D:14)
35 creatures vanquished.

Grand Total: 1220 creatures vanquished

Notes
Turn   | Place    | Note
-------+----------+-------------------------------------------
     0 | D:1      | tidbits the Gnoll Enchanter began the quest for the Orb.
     0 | D:1      | Reached XP level 1. HP: 13/13 MP: 6/6
     9 | D:1      | You fall through a shaft!
    17 | D:2      | Reached XP level 2. HP: 20/20 MP: 7/7
    21 | D:2      | Learned a level 2 spell: Ensorcelled Hibernation
    73 | D:3      | Reached XP level 3. HP: 25/25 MP: 1/9
    85 | D:3      | Reached skill level 5 in Spellcasting
   169 | D:3      | Reached skill level 6 in Stealth
   227 | D:3      | Reached skill level 1 in Invocations
   238 | D:4      | Reached skill level 1 in Fighting
   238 | D:4      | Reached skill level 1 in Long Blades
   238 | D:4      | Reached skill level 1 in Axes
   238 | D:4      | Reached skill level 1 in Maces & Flails
   238 | D:4      | Reached skill level 1 in Polearms
   238 | D:4      | Reached skill level 1 in Staves
   238 | D:4      | Reached skill level 1 in Slings
   238 | D:4      | Reached skill level 1 in Bows
   238 | D:4      | Reached skill level 1 in Crossbows
   238 | D:4      | Reached skill level 1 in Throwing
   238 | D:4      | Reached skill level 1 in Armour
   238 | D:4      | Reached skill level 1 in Shields
   238 | D:4      | Reached skill level 1 in Unarmed Combat
   238 | D:4      | Reached skill level 1 in Evocations
   238 | D:4      | Reached XP level 4. HP: 32/32 MP: 11/11
   256 | D:3      | Learned a level 3 spell: Confuse
   260 | D:3      | Learned a level 3 spell: Dazzling Spray
   410 | D:2      | Reached skill level 1 in Conjurations
   410 | D:2      | Reached skill level 1 in Charms
   410 | D:2      | Reached skill level 1 in Summonings
   410 | D:2      | Reached skill level 1 in Necromancy
   410 | D:2      | Reached skill level 1 in Translocations
   410 | D:2      | Reached skill level 1 in Transmutations
   410 | D:2      | Reached skill level 1 in Fire Magic
   410 | D:2      | Reached skill level 1 in Ice Magic
   410 | D:2      | Reached skill level 1 in Air Magic
   410 | D:2      | Reached skill level 1 in Earth Magic
   410 | D:2      | Reached skill level 1 in Poison Magic
   464 | D:2      | Found an iron altar of Okawaru.
   508 | D:4      | Reached XP level 5. HP: 37/37 MP: 12/12
   541 | D:4      | Reached skill level 3 in Short Blades
   547 | D:5      | Entered Level 5 of the Dungeon
   569 | D:4      | Noticed Grinder
   603 | D:4      | Killed Grinder
   603 | D:4      | Reached skill level 2 in Fighting
   603 | D:4      | Reached skill level 2 in Long Blades
   603 | D:4      | Reached skill level 2 in Axes
   603 | D:4      | Reached skill level 2 in Maces & Flails
   603 | D:4      | Reached skill level 2 in Polearms
   603 | D:4      | Reached skill level 2 in Staves
   603 | D:4      | Reached skill level 2 in Slings
   603 | D:4      | Reached skill level 2 in Bows
   603 | D:4      | Reached skill level 2 in Crossbows
   603 | D:4      | Reached skill level 2 in Throwing
   603 | D:4      | Reached skill level 2 in Armour
   603 | D:4      | Reached skill level 5 in Dodging
   603 | D:4      | Reached skill level 2 in Shields
   603 | D:4      | Reached skill level 2 in Unarmed Combat
   603 | D:4      | Reached skill level 2 in Invocations
   603 | D:4      | Reached skill level 2 in Evocations
   603 | D:4      | Reached XP level 6. HP: 31/44 MP: 5/14
   669 | D:5      | Noticed a water moccasin
   676 | D:5      | Reached XP level 7. HP: 45/50 MP: 12/15
   759 | D:5      | Reached skill level 2 in Conjurations
   759 | D:5      | Reached skill level 2 in Charms
   759 | D:5      | Reached skill level 2 in Summonings
   759 | D:5      | Reached skill level 2 in Necromancy
   759 | D:5      | Reached skill level 2 in Translocations
   759 | D:5      | Reached skill level 2 in Transmutations
   759 | D:5      | Reached skill level 2 in Fire Magic
   759 | D:5      | Reached skill level 2 in Ice Magic
   759 | D:5      | Reached skill level 2 in Air Magic
   759 | D:5      | Reached skill level 2 in Earth Magic
   759 | D:5      | Reached skill level 2 in Poison Magic
   863 | D:6      | Found an ornate altar of the Wu Jian Council.
   877 | D:6      | Reached skill level 3 in Invocations
   916 | D:5      | Reached XP level 8. HP: 24/57 MP: 16/16
   947 | D:5      | Reached skill level 6 in Hexes
  1108 | D:5      | Found a glowing drain.
  1112 | Sewer    | Entered a sewer
  1120 | Sewer    | Reached skill level 4 in Short Blades
  1432 | D:6      | Noticed Dowan
  1434 | D:6      | Noticed Duvessa
  1451 | D:6      | Killed Duvessa
  1451 | D:6      | Reached skill level 3 in Fighting
  1451 | D:6      | Reached skill level 3 in Long Blades
  1451 | D:6      | Reached skill level 3 in Axes
  1451 | D:6      | Reached skill level 3 in Maces & Flails
  1451 | D:6      | Reached skill level 3 in Polearms
  1451 | D:6      | Reached skill level 3 in Staves
  1451 | D:6      | Reached skill level 3 in Slings
  1451 | D:6      | Reached skill level 3 in Bows
  1451 | D:6      | Reached skill level 3 in Crossbows
  1451 | D:6      | Reached skill level 3 in Throwing
  1451 | D:6      | Reached skill level 3 in Armour
  1451 | D:6      | Reached skill level 3 in Shields
  1451 | D:6      | Reached skill level 3 in Unarmed Combat
  1451 | D:6      | Reached skill level 3 in Evocations
  1454 | D:6      | Killed Dowan
  1460 | D:6      | Found a staircase to the Ecumenical Temple.
  1460 | D:6      | Noticed Pikel
  1468 | D:6      | Killed Pikel
  1468 | D:6      | Reached skill level 7 in Stealth
  1468 | D:6      | Reached skill level 6 in Spellcasting
  1468 | D:6      | Reached skill level 3 in Conjurations
  1468 | D:6      | Reached skill level 3 in Charms
  1468 | D:6      | Reached skill level 3 in Summonings
  1468 | D:6      | Reached skill level 3 in Necromancy
  1468 | D:6      | Reached skill level 3 in Translocations
  1468 | D:6      | Reached skill level 3 in Transmutations
  1468 | D:6      | Reached skill level 3 in Fire Magic
  1468 | D:6      | Reached skill level 3 in Ice Magic
  1468 | D:6      | Reached skill level 3 in Air Magic
  1468 | D:6      | Reached skill level 3 in Earth Magic
  1468 | D:6      | Reached skill level 3 in Poison Magic
  1468 | D:6      | Reached skill level 4 in Invocations
  1474 | Temple   | Entered the Ecumenical Temple
  1483 | Temple   | Became a worshipper of Cheibriados the Contemplative
  1604 | D:7      | Reached skill level 6 in Dodging
  1604 | D:7      | Reached XP level 9. HP: 65/65 MP: 18/18
  1650 | D:7      | Found a stormy altar of Qazlal.
  1714 | D:8      | Gained mutation: You have a pair of small horns on your head. [potion of mutation]
  1714 | D:8      | Gained mutation: You are agile. (Dex +2) [potion of mutation]
  1717 | D:8      | Noticed a two-headed ogre
  1731 | D:8      | HP: 3/65 [two-headed ogre/giant club (23)]
  1734 | D:8      | Killed a two-headed ogre
  1734 | D:8      | Reached skill level 4 in Fighting
  1734 | D:8      | Reached skill level 5 in Short Blades
  1734 | D:8      | Reached skill level 4 in Long Blades
  1734 | D:8      | Reached skill level 4 in Axes
  1734 | D:8      | Reached skill level 4 in Maces & Flails
  1734 | D:8      | Reached skill level 4 in Polearms
  1734 | D:8      | Reached skill level 4 in Staves
  1734 | D:8      | Reached skill level 4 in Slings
  1734 | D:8      | Reached skill level 4 in Bows
  1734 | D:8      | Reached skill level 4 in Crossbows
  1734 | D:8      | Reached skill level 4 in Throwing
  1734 | D:8      | Reached skill level 4 in Armour
  1734 | D:8      | Reached skill level 4 in Shields
  1734 | D:8      | Reached skill level 4 in Unarmed Combat
  1734 | D:8      | Reached skill level 4 in Evocations
  1760 | D:9      | Noticed Grum
  1763 | D:8      | HP: 6/66 [wolf[Grum] (10)]
  1833 | D:8      | Noticed tidbits's ghost (novice GnVM)
  1895 | D:7      | Reached * piety under Cheibriados
  1895 | D:7      | Reached skill level 5 in Invocations
  1942 | D:7      | Found an opulent altar of Gozag.
  1944 | D:7      | Found a burning altar of Makhleb.
  1944 | D:7      | Found a sparkling altar of Nemelex Xobeh.
  1945 | D:7      | Found a hide-covered altar of Uskayaw.
  1949 | D:7      | Found a shadowy altar of Dithmenos.
  2045 | D:8      | Noticed Erica
  2051 | D:8      | Killed Erica
  2051 | D:8      | Reached skill level 7 in Spellcasting
  2051 | D:8      | Reached skill level 4 in Conjurations
  2051 | D:8      | Reached skill level 4 in Charms
  2051 | D:8      | Reached skill level 4 in Summonings
  2051 | D:8      | Reached skill level 4 in Necromancy
  2051 | D:8      | Reached skill level 4 in Translocations
  2051 | D:8      | Reached skill level 4 in Transmutations
  2051 | D:8      | Reached skill level 4 in Fire Magic
  2051 | D:8      | Reached skill level 4 in Ice Magic
  2051 | D:8      | Reached skill level 4 in Air Magic
  2051 | D:8      | Reached skill level 4 in Earth Magic
  2051 | D:8      | Reached skill level 4 in Poison Magic
  2051 | D:8      | Reached XP level 10. HP: 70/73 MP: 20/20
  2156 | D:8      | Found a shimmering altar of Xom.
  2178 | D:8      | Reached skill level 5 in Fighting
  2178 | D:8      | Reached skill level 5 in Long Blades
  2178 | D:8      | Reached skill level 5 in Axes
  2178 | D:8      | Reached skill level 5 in Maces & Flails
  2178 | D:8      | Reached skill level 5 in Polearms
  2178 | D:8      | Reached skill level 5 in Staves
  2178 | D:8      | Reached skill level 5 in Slings
  2178 | D:8      | Reached skill level 5 in Bows
  2178 | D:8      | Reached skill level 5 in Crossbows
  2178 | D:8      | Reached skill level 5 in Throwing
  2178 | D:8      | Reached skill level 5 in Armour
  2178 | D:8      | Reached skill level 5 in Shields
  2178 | D:8      | Reached skill level 5 in Unarmed Combat
  2178 | D:8      | Reached skill level 5 in Evocations
  2316 | D:8      | Noticed a two-headed ogre
  2323 | D:8      | Reached ** piety under Cheibriados
  2330 | D:8      | Reached skill level 7 in Hexes
  2332 | D:8      | Killed a two-headed ogre
  2332 | D:8      | Reached skill level 7 in Dodging
  2332 | D:8      | Reached skill level 8 in Stealth
  2413 | D:8      | Learned a level 3 spell: Regeneration
  2420 | D:8      | Learned a level 5 spell: Borgnjor's Vile Clutch
  2422 | D:8      | Learned a level 1 spell: Animate Skeleton
  2434 | D:8      | Killed tidbits's ghost
  2434 | D:8      | Reached skill level 6 in Short Blades
  2484 | D:10     | Entered Level 10 of the Dungeon
  2508 | D:10     | Found a staircase to the Orcish Mines.
  2541 | D:10     | Reached skill level 6 in Invocations
  2706 | D:9      | Noticed a two-headed ogre
  2724 | D:9      | Killed a two-headed ogre
  2724 | D:9      | Reached XP level 11. HP: 60/81 MP: 8/22
  2732 | D:9      | Killed Grum
  2732 | D:9      | Reached *** piety under Cheibriados
  2750 | D:9      | Reached skill level 6 in Fighting
  2750 | D:9      | Reached skill level 6 in Long Blades
  2750 | D:9      | Reached skill level 6 in Axes
  2750 | D:9      | Reached skill level 6 in Maces & Flails
  2750 | D:9      | Reached skill level 6 in Polearms
  2750 | D:9      | Reached skill level 6 in Staves
  2750 | D:9      | Reached skill level 6 in Slings
  2750 | D:9      | Reached skill level 6 in Bows
  2750 | D:9      | Reached skill level 6 in Crossbows
  2750 | D:9      | Reached skill level 6 in Throwing
  2750 | D:9      | Reached skill level 6 in Armour
  2750 | D:9      | Reached skill level 6 in Shields
  2750 | D:9      | Reached skill level 6 in Unarmed Combat
  2750 | D:9      | Reached skill level 6 in Evocations
  2756 | D:9      | Learned a level 4 spell: Animate Dead
  2855 | D:9      | Reached skill level 5 in Conjurations
  2855 | D:9      | Reached skill level 5 in Charms
  2855 | D:9      | Reached skill level 5 in Summonings
  2855 | D:9      | Reached skill level 5 in Necromancy
  2855 | D:9      | Reached skill level 5 in Translocations
  2855 | D:9      | Reached skill level 5 in Transmutations
  2855 | D:9      | Reached skill level 5 in Fire Magic
  2855 | D:9      | Reached skill level 5 in Ice Magic
  2855 | D:9      | Reached skill level 5 in Air Magic
  2855 | D:9      | Reached skill level 5 in Earth Magic
  2855 | D:9      | Reached skill level 5 in Poison Magic
  3057 | D:10     | Reached skill level 8 in Spellcasting
  3132 | D:10     | Found a shimmering altar of Xom.
  3135 | D:10     | Found the +14 mace of Variability {chaos}
  3258 | D:11     | Noticed a white ugly thing
  3266 | D:11     | Reached **** piety under Cheibriados
  3268 | D:11     | Killed a white ugly thing
  3268 | D:11     | Reached skill level 7 in Invocations
  3314 | D:11     | Reached skill level 7 in Short Blades
  3314 | D:11     | Reached skill level 8 in Dodging
  3359 | D:11     | Noticed a two-headed ogre
  3366 | D:11     | Killed a two-headed ogre
  3366 | D:11     | Reached skill level 9 in Stealth
  3466 | D:12     | Noticed a cyclops
  3466 | D:12     | Noticed a manticore
  3467 | D:12     | Killed a manticore
  3618 | Orc:1    | Entered Level 1 of the Orcish Mines
  3621 | Orc:1    | Reached XP level 12. HP: 89/89 MP: 18/24
  3625 | Orc:1    | Noticed Josephine
  3636 | Orc:1    | Reached skill level 8 in Hexes
  3639 | Orc:1    | Killed Josephine
  3668 | Orc:1    | Found Olairr's Book Shop.
  3676 | Orc:1    | Bought a book of Cantrips for 260 gold pieces
  3678 | Orc:1    | Learned a level 1 spell: Apportation
  3763 | Orc:1    | Found a bloodstained altar of Trog.
  3778 | Orc:1    | Reached skill level 7 in Fighting
  3778 | Orc:1    | Reached skill level 7 in Long Blades
  3778 | Orc:1    | Reached skill level 7 in Axes
  3778 | Orc:1    | Reached skill level 7 in Maces & Flails
  3778 | Orc:1    | Reached skill level 7 in Polearms
  3778 | Orc:1    | Reached skill level 7 in Staves
  3778 | Orc:1    | Reached skill level 7 in Slings
  3778 | Orc:1    | Reached skill level 7 in Bows
  3778 | Orc:1    | Reached skill level 7 in Crossbows
  3778 | Orc:1    | Reached skill level 7 in Throwing
  3778 | Orc:1    | Reached skill level 7 in Armour
  3778 | Orc:1    | Reached skill level 7 in Shields
  3778 | Orc:1    | Reached skill level 7 in Unarmed Combat
  3778 | Orc:1    | Reached skill level 7 in Evocations
  3920 | Orc:1    | Reached skill level 6 in Conjurations
  3920 | Orc:1    | Reached skill level 6 in Charms
  3920 | Orc:1    | Reached skill level 6 in Summonings
  3920 | Orc:1    | Reached skill level 6 in Necromancy
  3920 | Orc:1    | Reached skill level 6 in Translocations
  3920 | Orc:1    | Reached skill level 6 in Transmutations
  3920 | Orc:1    | Reached skill level 6 in Fire Magic
  3920 | Orc:1    | Reached skill level 6 in Ice Magic
  3920 | Orc:1    | Reached skill level 6 in Air Magic
  3920 | Orc:1    | Reached skill level 6 in Earth Magic
  3920 | Orc:1    | Reached skill level 6 in Poison Magic
  3965 | Orc:2    | Entered Level 2 of the Orcish Mines
  3965 | Orc:2    | Noticed a two-headed ogre
  3968 | Orc:2    | Reached ***** piety under Cheibriados
  3973 | Orc:2    | Killed a two-headed ogre
  3973 | Orc:2    | Reached skill level 8 in Invocations
  3997 | Orc:2    | Noticed a two-headed ogre
  4010 | Orc:2    | Killed a two-headed ogre
  4010 | Orc:2    | Reached skill level 9 in Spellcasting
  4015 | Orc:2    | Noticed a two-headed ogre
  4033 | Orc:2    | Killed a two-headed ogre
  4169 | Orc:2    | Got a steaming flail
  4170 | Orc:2    | Identified the +1 flail "Goblinbane" {freeze, rC+ Int+5} (You found it on level 2 of the Orcish Mines)
  4210 | Orc:2    | Noticed an ettin
  4213 | Orc:2    | Killed an ettin
  4213 | Orc:2    | Reached skill level 8 in Short Blades
  4443 | Orc:2    | Reached skill level 9 in Dodging
  4450 | Orc:2    | Found Otin Lyh's Antique Armour Emporium.
  4461 | Orc:2    | Bought a glowing cloak for 277 gold pieces
  4474 | Orc:2    | Found a roughly hewn altar of Beogh.
  4474 | Orc:2    | Noticed a two-headed ogre
  4478 | Orc:2    | Killed a two-headed ogre
  4478 | Orc:2    | Reached XP level 13. HP: 24/98 MP: 14/26
  4546 | Orc:2    | Found Nixuw's General Store.
  4645 | Orc:2    | Reached skill level 10 in Stealth
  4676 | Orc:2    | Noticed an orc warlord
  4679 | Orc:2    | Reached skill level 8 in Fighting
  4679 | Orc:2    | Reached skill level 8 in Long Blades
  4679 | Orc:2    | Reached skill level 8 in Axes
  4679 | Orc:2    | Reached skill level 8 in Maces & Flails
  4679 | Orc:2    | Reached skill level 8 in Polearms
  4679 | Orc:2    | Reached skill level 8 in Staves
  4679 | Orc:2    | Reached skill level 8 in Slings
  4679 | Orc:2    | Reached skill level 8 in Bows
  4679 | Orc:2    | Reached skill level 8 in Crossbows
  4679 | Orc:2    | Reached skill level 8 in Throwing
  4679 | Orc:2    | Reached skill level 8 in Armour
  4679 | Orc:2    | Reached skill level 8 in Shields
  4679 | Orc:2    | Reached skill level 8 in Unarmed Combat
  4679 | Orc:2    | Reached skill level 8 in Evocations
  4688 | Orc:2    | Killed an orc warlord
  4695 | Orc:2    | Reached ****** piety under Cheibriados
  4704 | Orc:2    | Found a roughly hewn altar of Beogh.
  4720 | Orc:2    | Found Haank's Gadget Shoppe.
  4730 | Orc:2    | Bought a wand of digging (12) for 384 gold pieces
  4753 | Orc:2    | Found Ruosuogo's Antique Armour Boutique.
  4759 | Orc:2    | Reached skill level 9 in Invocations
  5005 | D:13     | Reached skill level 7 in Conjurations
  5005 | D:13     | Reached skill level 9 in Hexes
  5005 | D:13     | Reached skill level 7 in Charms
  5005 | D:13     | Reached skill level 7 in Summonings
  5005 | D:13     | Reached skill level 7 in Necromancy
  5005 | D:13     | Reached skill level 7 in Translocations
  5005 | D:13     | Reached skill level 7 in Transmutations
  5005 | D:13     | Reached skill level 7 in Fire Magic
  5005 | D:13     | Reached skill level 7 in Ice Magic
  5005 | D:13     | Reached skill level 7 in Air Magic
  5005 | D:13     | Reached skill level 7 in Earth Magic
  5005 | D:13     | Reached skill level 7 in Poison Magic
  5007 | D:13     | Noticed a vault guard
  5014 | D:13     | Killed a vault guard
  5014 | D:13     | Reached skill level 9 in Short Blades
  5035 | D:13     | Found a gate to the Vaults.
  5075 | D:13     | Reached skill level 10 in Spellcasting
  5145 | D:12     | Reached XP level 14. HP: 78/106 MP: 13/28
  5342 | D:14     | Noticed a ghoul
  5436 | D:14     | Noticed Azrael
  5450 | D:14     | Killed Azrael
  5450 | D:14     | Reached skill level 10 in Dodging
  5477 | D:15     | Entered Level 15 of the Dungeon
  5559 | D:15     | Reached skill level 9 in Fighting
  5559 | D:15     | Reached skill level 9 in Long Blades
  5559 | D:15     | Reached skill level 9 in Axes
  5559 | D:15     | Reached skill level 9 in Maces & Flails
  5559 | D:15     | Reached skill level 9 in Polearms
  5559 | D:15     | Reached skill level 9 in Staves
  5559 | D:15     | Reached skill level 9 in Slings
  5559 | D:15     | Reached skill level 9 in Bows
  5559 | D:15     | Reached skill level 9 in Crossbows
  5559 | D:15     | Reached skill level 9 in Throwing
  5559 | D:15     | Reached skill level 9 in Armour
  5559 | D:15     | Reached skill level 9 in Shields
  5559 | D:15     | Reached skill level 9 in Unarmed Combat
  5559 | D:15     | Reached skill level 9 in Evocations
  5585 | D:15     | Found a gateway to a bazaar.
  5630 | D:15     | Found a staircase to the Depths.
  5647 | D:15     | HP: 6/108 [phantasmal warrior (20)]
  5821 | D:15     | Reached skill level 10 in Invocations
  5903 | D:14     | Reached skill level 11 in Stealth
  6025 | D:14     | Noticed Frances
  6037 | D:14     | Killed Frances
  6037 | D:14     | Reached skill level 8 in Conjurations
  6037 | D:14     | Reached skill level 8 in Charms
  6037 | D:14     | Reached skill level 8 in Summonings
  6037 | D:14     | Reached skill level 8 in Necromancy
  6037 | D:14     | Reached skill level 8 in Translocations
  6037 | D:14     | Reached skill level 8 in Transmutations
  6037 | D:14     | Reached skill level 8 in Fire Magic
  6037 | D:14     | Reached skill level 8 in Ice Magic
  6037 | D:14     | Reached skill level 8 in Air Magic
  6037 | D:14     | Reached skill level 8 in Earth Magic
  6037 | D:14     | Reached skill level 8 in Poison Magic
  6061 | D:14     | Reached XP level 15. HP: 98/114 MP: 5/29
  6173 | D:13     | Reached skill level 10 in Short Blades
  6367 | D:9      | Found a staircase to the Lair.
  6384 | Lair:1   | Entered Level 1 of the Lair of Beasts
  6440 | Lair:2   | Found a staircase to the Snake Pit.
  6573 | Lair:3   | Noticed Harold
  6597 | Lair:3   | Killed Harold
  6623 | Lair:4   | Reached skill level 11 in Spellcasting
  6679 | Lair:4   | Found a staircase to the Shoals.
  6796 | Lair:6   | Entered Level 6 of the Lair of Beasts
  6798 | Lair:6   | Found a bloodstained altar of Trog.
  6810 | Lair:6   | Found a staircase to the Slime Pits.
  6810 | Lair:6   | Found a viscous altar of Jiyva.
  6912 | Lair:6   | Reached skill level 10 in Hexes
  6968 | Lair:6   | Reached skill level 10 in Fighting
  6968 | Lair:6   | Reached skill level 10 in Long Blades
  6968 | Lair:6   | Reached skill level 10 in Axes
  6968 | Lair:6   | Reached skill level 10 in Maces & Flails
  6968 | Lair:6   | Reached skill level 10 in Polearms
  6968 | Lair:6   | Reached skill level 10 in Staves
  6968 | Lair:6   | Reached skill level 10 in Slings
  6968 | Lair:6   | Reached skill level 10 in Bows
  6968 | Lair:6   | Reached skill level 10 in Crossbows
  6968 | Lair:6   | Reached skill level 10 in Throwing
  6968 | Lair:6   | Reached skill level 10 in Armour
  6968 | Lair:6   | Reached skill level 10 in Shields
  6968 | Lair:6   | Reached skill level 10 in Unarmed Combat
  6968 | Lair:6   | Reached skill level 10 in Evocations
  7116 | Lair:5   | Lost mutation: You are agile. (Dex +2) [potion of mutation]
  7116 | Lair:5   | Lost mutation: You have a pair of small horns on your head. [potion of mutation]
  7116 | Lair:5   | Gained mutation: You are frail. (-10% HP) [potion of mutation]
  7116 | Lair:5   | Gained mutation: You are agile. (Dex +2) [potion of mutation]
  7124 | Lair:5   | Reached skill level 11 in Dodging
  7226 | Shoals:1 | Entered Level 1 of the Shoals
  7294 | Shoals:1 | Reached skill level 11 in Invocations
  7389 | Shoals:1 | Reached XP level 16. HP: 59/110 MP: 14/31
  7578 | Shoals:2 | Identified a scroll of acquirement
  7582 | Shoals:2 | Learned a level 2 spell: Sublimation of Blood
  7588 | Shoals:2 | Learned a level 5 spell: Irradiate
  7792 | Shoals:4 | Entered Level 4 of the Shoals
  7795 | Shoals:4 | Reached skill level 9 in Conjurations
  7795 | Shoals:4 | Reached skill level 9 in Charms
  7795 | Shoals:4 | Reached skill level 9 in Summonings
  7795 | Shoals:4 | Reached skill level 9 in Necromancy
  7795 | Shoals:4 | Reached skill level 9 in Translocations
  7795 | Shoals:4 | Reached skill level 9 in Transmutations
  7795 | Shoals:4 | Reached skill level 9 in Fire Magic
  7795 | Shoals:4 | Reached skill level 9 in Ice Magic
  7795 | Shoals:4 | Reached skill level 9 in Air Magic
  7795 | Shoals:4 | Reached skill level 9 in Earth Magic
  7795 | Shoals:4 | Reached skill level 9 in Poison Magic
  7796 | Shoals:4 | Reached skill level 12 in Stealth
  7799 | Shoals:4 | Noticed Ilsuiw
  7924 | Shoals:4 | Reached skill level 11 in Short Blades
  8067 | Shoals:4 | Noticed Polyphemus
  8080 | Shoals:4 | Killed Polyphemus
  8239 | Shoals:4 | Got a barnacled rune of Zot
  8489 | Lair:2   | Reached skill level 11 in Fighting
  8489 | Lair:2   | Reached skill level 11 in Long Blades
  8489 | Lair:2   | Reached skill level 11 in Axes
  8489 | Lair:2   | Reached skill level 11 in Maces & Flails
  8489 | Lair:2   | Reached skill level 11 in Polearms
  8489 | Lair:2   | Reached skill level 11 in Staves
  8489 | Lair:2   | Reached skill level 11 in Slings
  8489 | Lair:2   | Reached skill level 11 in Bows
  8489 | Lair:2   | Reached skill level 11 in Crossbows
  8489 | Lair:2   | Reached skill level 11 in Throwing
  8489 | Lair:2   | Reached skill level 11 in Armour
  8489 | Lair:2   | Reached skill level 11 in Shields
  8489 | Lair:2   | Reached skill level 11 in Unarmed Combat
  8489 | Lair:2   | Reached skill level 11 in Evocations
  8548 | Snake:1  | Entered Level 1 of the Snake Pit
  8569 | Snake:1  | Reached skill level 12 in Spellcasting
  8569 | Snake:1  | Reached XP level 17. HP: 41/117 MP: 9/33
  8616 | Snake:1  | Found Luhicig's Antique Weapon Boutique.
  8616 | Snake:1  | Found Poneh's Armour Shop.
  8641 | Snake:1  | Reached skill level 12 in Invocations
  8759 | Snake:3  | Reached skill level 12 in Dodging
  8889 | Snake:3  | Reached skill level 11 in Hexes
  8965 | Snake:4  | Entered Level 4 of the Snake Pit
  9018 | Snake:4  | HP: 7/117 [poisoned by a naga sharpshooter (splash of poison)]
  9301 | Snake:4  | Reached skill level 10 in Conjurations
  9301 | Snake:4  | Reached skill level 10 in Charms
  9301 | Snake:4  | Reached skill level 10 in Summonings
  9301 | Snake:4  | Reached skill level 10 in Necromancy
  9301 | Snake:4  | Reached skill level 10 in Translocations
  9301 | Snake:4  | Reached skill level 10 in Transmutations
  9301 | Snake:4  | Reached skill level 10 in Fire Magic
  9301 | Snake:4  | Reached skill level 10 in Ice Magic
  9301 | Snake:4  | Reached skill level 10 in Air Magic
  9301 | Snake:4  | Reached skill level 10 in Earth Magic
  9301 | Snake:4  | Reached skill level 10 in Poison Magic
  9316 | Snake:4  | Reached XP level 18. HP: 68/125 MP: 18/34
  9318 | Snake:4  | Reached skill level 12 in Short Blades
  9360 | Snake:4  | Reached skill level 13 in Stealth
  9365 | Snake:4  | HP: 9/125 [nagaraja/flail (17)]
  9387 | Snake:4  | HP: 9/126 [naga sharpshooter/bolt (13)]
  9415 | Snake:4  | Got a serpentine rune of Zot
  9696 | Orc:2    | Found a staircase to the Elven Halls.
  9701 | Elf:1    | Entered Level 1 of the Elven Halls
  9768 | Elf:3    | Entered Level 3 of the Elven Halls
  9773 | Elf:3    | Found Qijess's General Store.
  9776 | Elf:3    | Bought a scroll of magic mapping for 59 gold pieces
  9776 | Elf:3    | Bought a +0 shield of reflection for 144 gold pieces
  9776 | Elf:3    | Bought a ration for 85 gold pieces
  9824 | Elf:3    | Reached skill level 12 in Fighting
  9824 | Elf:3    | Reached skill level 12 in Long Blades
  9824 | Elf:3    | Reached skill level 12 in Axes
  9824 | Elf:3    | Reached skill level 12 in Maces & Flails
  9824 | Elf:3    | Reached skill level 12 in Polearms
  9824 | Elf:3    | Reached skill level 12 in Staves
  9824 | Elf:3    | Reached skill level 12 in Slings
  9824 | Elf:3    | Reached skill level 12 in Bows
  9824 | Elf:3    | Reached skill level 12 in Crossbows
  9824 | Elf:3    | Reached skill level 12 in Throwing
  9824 | Elf:3    | Reached skill level 12 in Armour
  9824 | Elf:3    | Reached skill level 12 in Shields
  9824 | Elf:3    | Reached skill level 12 in Unarmed Combat
  9824 | Elf:3    | Reached skill level 12 in Evocations
  9953 | Elf:3    | Found Hueboede's Armour Shoppe.
  9964 | Elf:3    | Reached skill level 13 in Invocations
  9989 | Elf:3    | Found an ancient bone altar of Kikubaaqudgha.
 10083 | Elf:3    | Noticed a deep elf master archer
 10086 | Elf:3    | Killed a deep elf master archer
 10086 | Elf:3    | Reached skill level 13 in Spellcasting
 10099 | Elf:3    | Noticed a deep elf master archer
 10100 | Elf:3    | Killed a deep elf master archer
 10101 | Elf:3    | Noticed a deep elf blademaster
 10102 | Elf:3    | Noticed a deep elf blademaster
 10104 | Elf:3    | Killed a deep elf blademaster
 10109 | Elf:3    | Killed a deep elf blademaster
 10119 | Elf:3    | Noticed a Brimstone Fiend
 10121 | Elf:3    | Reached skill level 13 in Dodging
 10181 | Elf:3    | Noticed a deep elf master archer
 10191 | Elf:3    | Killed a deep elf master archer
 10191 | Elf:3    | Reached XP level 19. HP: 107/132 MP: 23/36
 10329 | Elf:3    | Learned a level 2 spell: Blink
 10333 | Elf:3    | Learned a level 3 spell: Mephitic Cloud
 10358 | Elf:3    | Got a translucent amber ring
 10360 | Elf:3    | Identified the ring of the Aged Stars {rF+ rN+ Int+2 Slay+5} (You found it on level 3 of the Elven Halls)
 10393 | Elf:3    | Identified the +2 morningstar "Gnoll's Death" {flame, *Rage rPois Str+5} (You found it on level 3 of the Elven Halls)
 10402 | Elf:3    | Identified Gogoch's Volume of Confrontation and Black Rites (You acquired it on level 3 of the Elven Halls)
 10489 | Elf:2    | Found a huge runed gate.
 10489 | Elf:2    | Found a huge runed gate.
 10489 | Elf:2    | Found a huge runed gate.
 10490 | Elf:2    | Found a huge runed gate.
 10491 | Elf:2    | Found a huge runed gate.
 10552 | Orc:2    | Bought a pair of fine boots for 351 gold pieces
 10564 | Orc:2    | Identified the cursed +0 pair of boots "Upifukk" {MR+ Dex+2} (You bought it in a shop on level 2 of the Orcish Mines)
 10574 | Orc:2    | Bought a wand of acid (5) for 216 gold pieces
 10574 | Orc:2    | Bought a scroll of remove curse for 36 gold pieces
 10574 | Orc:2    | Bought a scroll of blinking for 90 gold pieces
 10752 | Vaults:1 | Entered Level 1 of the Vaults
 10853 | Vaults:1 | Reached skill level 12 in Hexes
 10985 | Vaults:2 | Reached skill level 13 in Short Blades
 11065 | Vaults:3 | Learned a level 2 spell: Sticks to Snakes
 11071 | Vaults:3 | Learned a level 5 spell: Blade Hands
 11088 | Vaults:3 | Reached skill level 11 in Conjurations
 11088 | Vaults:3 | Reached skill level 11 in Charms
 11088 | Vaults:3 | Reached skill level 11 in Summonings
 11088 | Vaults:3 | Reached skill level 11 in Necromancy
 11088 | Vaults:3 | Reached skill level 11 in Translocations
 11088 | Vaults:3 | Reached skill level 11 in Transmutations
 11088 | Vaults:3 | Reached skill level 11 in Fire Magic
 11088 | Vaults:3 | Reached skill level 11 in Ice Magic
 11088 | Vaults:3 | Reached skill level 11 in Air Magic
 11088 | Vaults:3 | Reached skill level 11 in Earth Magic
 11088 | Vaults:3 | Reached skill level 11 in Poison Magic
 11278 | Vaults:3 | Found Ezun's Magic Scroll Emporium.
 11296 | Vaults:3 | Bought a scroll of fog for 34 gold pieces
 11296 | Vaults:3 | Bought a scroll of teleportation for 51 gold pieces
 11296 | Vaults:3 | Bought a scroll of enchant weapon for 127 gold pieces
 11305 | Vaults:3 | Learned a level 6 spell: Death Channel
 11450 | Vaults:3 | Noticed Saint Roka
 11459 | Vaults:3 | Reached skill level 14 in Stealth
 11463 | Vaults:3 | Killed Saint Roka
 11471 | Vaults:3 | Reached XP level 20. HP: 61/139 MP: 20/37
 11473 | Vaults:3 | Lost mutation: You are agile. (Dex +2) [potion of mutation]
 11473 | Vaults:3 | Lost mutation: You are frail. (-10% HP) [potion of mutation]
 11473 | Vaults:3 | Gained mutation: You are frail. (-10% HP) [potion of mutation]
 11473 | Vaults:3 | Gained mutation: You are resistant to electric shocks. (rElec) [potion of mutation]
 11515 | Vaults:2 | Reached skill level 13 in Fighting
 11515 | Vaults:2 | Reached skill level 13 in Long Blades
 11515 | Vaults:2 | Reached skill level 13 in Axes
 11515 | Vaults:2 | Reached skill level 13 in Maces & Flails
 11515 | Vaults:2 | Reached skill level 13 in Polearms
 11515 | Vaults:2 | Reached skill level 13 in Staves
 11515 | Vaults:2 | Reached skill level 13 in Slings
 11515 | Vaults:2 | Reached skill level 13 in Bows
 11515 | Vaults:2 | Reached skill level 13 in Crossbows
 11515 | Vaults:2 | Reached skill level 13 in Throwing
 11515 | Vaults:2 | Reached skill level 13 in Armour
 11515 | Vaults:2 | Reached skill level 13 in Shields
 11515 | Vaults:2 | Reached skill level 13 in Unarmed Combat
 11515 | Vaults:2 | Reached skill level 14 in Invocations
 11515 | Vaults:2 | Reached skill level 13 in Evocations
 11541 | Vaults:3 | Found Kymikexu's General Store.
 11552 | Vaults:3 | Bought an uncursed ring of resist corrosion for 400 gold pieces
 11552 | Vaults:3 | Bought a potion of agility for 80 gold pieces
 11552 | Vaults:3 | Bought a scroll of identify for 40 gold pieces
 11659 | Vaults:3 | Found Karph's Antique Weapon Boutique.
 11761 | Vaults:5 | Entered Level 5 of the Vaults
 11795 | Vaults:5 | Reached skill level 14 in Spellcasting
 11801 | Vaults:5 | HP: 13/140 [vault warden/war axe (27)]
 11828 | Vaults:5 | Identified the amulet of Checkmate {Spirit Str-3 Int+3} (You found it on level 5 of the Vaults)
 11894 | Vaults:5 | Reached skill level 14 in Dodging
 11920 | Vaults:5 | Noticed a golden dragon
 11931 | Vaults:5 | Killed a golden dragon
 12001 | Vaults:5 | Got a silver rune of Zot
 12078 | Vaults:5 | Reached XP level 21. HP: 100/146 MP: 27/39
 12103 | Vaults:5 | Killed from afar by a titan

Skill      XL: |  1  2  3  4  5  6  7  8  9 10 11 12 13 14 15 16 17 18 19 20 |
---------------+-------------------------------------------------------------+-----
Spellcasting   | 5 6 7 8 9 10 11 12 13 14 | 14.3
Stealth        | 6 7 8 9 10 11 12 13 14 | 14.6
Invocations    | 1 2 3 4 5 6 7 8 9 10 11 12 13 14 | 14.6
Fighting       | 1 2 3 4 5 6 7 8 9 10 11 12 13 | 13.6
Long Blades    | 1 2 3 4 5 6 7 8 9 10 11 12 13 | 13.6
Axes           | 1 2 3 4 5 6 7 8 9 10 11 12 13 | 13.6
Maces & Flails | 1 2 3 4 5 6 7 8 9 10 11 12 13 | 13.6
Polearms       | 1 2 3 4 5 6 7 8 9 10 11 12 13 | 13.6
Staves         | 1 2 3 4 5 6 7 8 9 10 11 12 13 | 13.6
Slings         | 1 2 3 4 5 6 7 8 9 10 11 12 13 | 13.6
Bows           | 1 2 3 4 5 6 7 8 9 10 11 12 13 | 13.6
Crossbows      | 1 2 3 4 5 6 7 8 9 10 11 12 13 | 13.6
Throwing       | 1 2 3 4 5 6 7 8 9 10 11 12 13 | 13.6
Armour         | 1 2 3 4 5 6 7 8 9 10 11 12 13 | 13.6
Shields        | 1 2 3 4 5 6 7 8 9 10 11 12 13 | 13.6
Unarmed Combat | 1 2 3 4 5 6 7 8 9 10 11 12 13 | 13.6
Evocations     | 1 2 3 4 5 6 7 8 9 10 11 12 13 | 13.6
Conjurations   | 1 2 3 4 5 6 7 8 9 10 11 | 11.7
Charms         | 1 2 3 4 5 6 7 8 9 10 11 | 11.7
Summonings     | 1 2 3 4 5 6 7 8 9 10 11 | 11.7
Necromancy     | 1 2 3 4 5 6 7 8 9 10 11 | 11.7
Translocations | 1 2 3 4 5 6 7 8 9 10 11 | 11.7
Transmutations | 1 2 3 4 5 6 7 8 9 10 11 | 11.7
Fire Magic     | 1 2 3 4 5 6 7 8 9 10 11 | 11.7
Ice Magic      | 1 2 3 4 5 6 7 8 9 10 11 | 11.7
Air Magic      | 1 2 3 4 5 6 7 8 9 10 11 | 11.7
Earth Magic    | 1 2 3 4 5 6 7 8 9 10 11 | 11.7
Poison Magic   | 1 2 3 4 5 6 7 8 9 10 11 | 11.7
Short Blades   | 3 4 5 6 7 8 9 10 11 12 13 | 13.8
Dodging        | 5 6 7 8 9 10 11 12 13 14 | 14.2
Hexes          | 6 7 8 9 10 11 12 | 12.7

Action                   |  1- 3 |  4- 6 |  7- 9 | 10-12 | 13-15 | 16-18 | 19-21 || total
-------------------------+-------+-------+-------+-------+-------+-------+-------++-------
Melee: Dagger            |    32 |    75 |   135 |   244 |    10 |     1 |       ||   497
       Bite              |     2 |     3 |    16 |    61 |   122 |    98 |    71 ||   373
       Headbutt          |       |       |     4 |    86 |   183 |       |       ||   273
       Unarmed           |       |       |       |    19 |       |       |       ||    19
       Punch             |       |       |       |     2 |       |       |       ||     2
       War axe           |       |       |       |    51 |   461 |   338 |       ||   850
       Scimitar          |       |       |       |    13 |    18 |       |       ||    31
       Broad axe         |       |       |       |       |       |    46 |   295 ||   341
Throw: Javelin           |       |       |       |       |     3 |     1 |       ||     4
       Throwing net      |       |       |       |       |       |     4 |       ||     4
 Cast: Ensorcelled Hiber |     5 |    14 |    49 |    49 |       |       |       ||   117
       Dazzling Spray    |       |     2 |     2 |    21 |       |       |       ||    25
       Confuse           |       |     4 |     8 |     8 |       |       |       ||    20
       Regeneration      |       |       |       |    16 |    15 |    37 |     6 ||    74
       Borgnjor's Vile C |       |       |       |    23 |    93 |   117 |    81 ||   314
       Animate Dead      |       |       |       |     2 |     9 |     4 |     2 ||    17
       Apportation       |       |       |       |    28 |    66 |    73 |    78 ||   245
       Animate Skeleton  |       |       |       |     7 |     4 |     1 |       ||    12
       Sublimation of Bl |       |       |       |       |       |    17 |       ||    17
       Irradiate         |       |       |       |       |       |    10 |       ||    10
Invok: Bend Time         |       |       |       |     7 |     3 |       |       ||    10
       Slouch            |       |       |       |     2 |     6 |    26 |    11 ||    45
Evoke: Wand              |       |       |     4 |    16 |    22 |    47 |    12 ||   101
  Use: Potion            |       |     2 |     8 |     7 |     3 |    13 |     3 ||    36
       Scroll            |       |     3 |     6 |    10 |    12 |    22 |    21 ||    74
 Stab: Sleeping          |    10 |    14 |    39 |    46 |    19 |    11 |     4 ||   143
       Confused          |       |     4 |     6 |     5 |       |       |       ||    15
       Invisible         |       |       |     2 |    13 |       |       |       ||    15
       Distracted        |       |       |       |     2 |     6 |     2 |     2 ||    12
       Held in net/web   |       |       |       |       |       |     3 |       ||     3
       Paralysed         |       |       |       |       |       |     2 |       ||     2
       Petrified         |       |       |       |       |       |     1 |       ||     1
  Eat: Chunk             |       |       |     2 |     6 |     6 |       |       ||    14
       Ration            |       |       |     1 |     1 |     3 |     3 |     2 ||    10
Armor: Robe              |    12 |     3 |    21 |    21 |       |       |       ||    57
       Skin              |       |       |       |    39 |       |       |       ||    39
       Troll leather arm |       |       |       |     5 |    93 |   101 |    71 ||   270
Dodge: Dodged            |    36 |    47 |   100 |   290 |   541 |   441 |   330 ||  1785
Block: Buckler           |       |       |       |   152 |   313 |       |       ||   465
       Shield            |       |       |       |       |    34 |   502 |   333 ||   869
       Reflection        |       |       |       |       |       |    18 |    24 ||    42
       Rpst.: Scimitar   |       |       |       |     1 |     4 |       |       ||     5

Table legend:
 A = Turns spent in this place as a percentage of turns spent in the entire game.
 B = Non-inter-level travel turns spent in this place as a percentage of non-inter-level travel turns spent in the entire game.
 C = Inter-level travel turns spent in this place as a percentage of turns spent in this place.
 D = Turns resting spent in this place as a percentage of non-inter-level travel turns spent in this place.
 E = Turns spent auto-exploring this place as a percentage of non-inter-level travel turns spent in this place.
 F = Non-inter-level travel turns spent in this place divided by the number of levels of this place that you've seen.
                   A       B       C       D       E      F
               +-------+-------+-------+-------+-------+----------------------
         Total | 100.0 | 100.0 |   1.5 |   0.1 |   0.0 | 290.8
       Dungeon |  42.1 |  41.6 |   2.7 |   0.0 |   0.0 | 330.3
        Temple |   0.2 |   0.2 |   0.0 |   0.0 |   0.0 |  19.0
          Lair |   8.8 |   8.9 |   0.0 |   0.0 |   0.0 | 177.8
        Shoals |   9.4 |   9.5 |   0.0 |   1.4 |   0.0 | 284.2
     Snake Pit |   8.4 |   8.5 |   0.0 |   0.0 |   0.0 | 252.8
  Orcish Mines |  11.1 |  11.1 |   1.7 |   0.0 |   0.0 | 663.0
   Elven Halls |   6.9 |   7.0 |   0.0 |   0.0 |   0.0 | 279.3
        Vaults |  11.2 |  11.2 |   1.3 |   0.0 |   0.0 | 266.6
         Sewer |   1.9 |   2.0 |   0.0 |   0.0 |   0.0 | 236.0
               +-------+-------+-------+-------+-------+----------------------

Table legend:
 A = Kills in this place as a percentage of kills in entire the game.
 B = Kills by you in this place as a percentage of kills by you in the entire game.
 C = Kills by friends in this place as a percentage of kills by friends in the entire game.
 D = Other kills in this place as a percentage of other kills in the entire game.
 E = Experience gained in this place as a percentage of experience gained in the entire game.
 F = Experience gained in this place divided by the number of levels of this place that you have seen.
                   A       B       C       D       E      F
               +-------+-------+-------+-------+-------+----------------------
         Total | 100.0 | 100.0 | 100.0 | 100.0 | 100.0 | 12308.6
       Dungeon |  31.4 |  31.7 |  31.0 |   7.1 |  13.8 | 4659.5
          Lair |   7.2 |   6.8 |  19.0 |   7.1 |   4.7 | 3930.8
        Shoals |   8.7 |   8.1 |  26.2 |   0.0 |  11.7 | 14804.5
     Snake Pit |  14.2 |  14.2 |  16.7 |   7.1 |  17.9 | 22559.5
  Orcish Mines |  14.0 |  14.6 |   4.8 |   0.0 |   4.8 | 12211.5
   Elven Halls |   7.1 |   6.8 |   0.0 |  50.0 |  15.8 | 26567.7
        Vaults |  16.2 |  16.5 |   2.4 |  28.6 |  31.2 | 31513.0
         Sewer |   1.3 |   1.3 |   0.0 |   0.0 |   0.0 |  27.0
               +-------+-------+-------+-------+-------+----------------------

Vault maps used:
D:1:      saegor_arrival_miasma, serial_curves, eino_curves_02, eino_curves_03,
          eino_curves_01, eino_curves_02
D:2:      minmay_wonky_spiral, lemuel_crystal_altar, first_ration, minivault_23,
          lemuel_flame_loot_1
D:4:      marbit_many_paths, guppyfry_early_orc_mine, uniq_grinder
D:5:      gup_sewer_entry_bowl
D:6:      lemuel_coloured_pillars_altar, minmay_temple_entry_poolview,
          uniq_pikel, uniq_duvessa
D:7:      minitemple, overflow_temple_1_default, uniq_joseph
D:8:      basic_altar, grunt_pizzeria, uniq_maurice, uniq_erica
D:9:      kennysheep_six_static_rooms, david_lair_shrubbed, uniq_grum
D:10:     erik_orc_4, minmay_guarded_unrand_variability
D:11:     hangedman_decor_opposing
D:13:     grunt_vaults_entry_tiered, st_stairs_3
D:14:     serial_undead, serial_undead_b, serial_undead_c, serial_undead_b,
          serial_undead_f, fountainhead, uniq_frances, uniq_azrael, uniq_roxanne
D:15:     gammafunk_depths_entry_grave, nicolae_two_hexagons, serial_shops,
          bzr_entry_islet, uniq_urug
Temple:   cyrus_circular_temple
Lair:1:   minivault_24, grunt_forest_large_clearings, infiniplex_staircase_pool,
          uniq_fannar
Lair:2:   minmay_snake_entry_spellcaster
Lair:3:   serial_bayou_shore_b, uniq_harold
Lair:4:   shoals_dummy_entry
Lair:5:   wad_woods_river_01
Lair:6:   hangedman_lair_tendril_chambers, slime_altar_1, basic_altar,
          serial_bayou_lagoon_b, serial_bayou_shore_a
Shoals:1: cheibrodos_shoals_three_sisters
Shoals:2: serial_shops, nicolae_shop_crystal, nicolae_shoals_seven_spires,
          nicolae_shoals_hunting_party
Shoals:4: shoals_end_grunt_ice, shoals_ilsuiw_ice, yaktaur_hedge,
          uniq_polyphemus
Snake:1:  grunt_megastairs_3, minmay_shoptagon, uniq_aizul
Snake:2:  spider_trap, grunt_megastairs_4
Snake:3:  nicolae_snake_lava_pool, uniq_mara
Snake:4:  grunt_snake_rune_pools
Orc:1:    cheibrodos_orc_guarddog, basic_altar, serial_shops,
          nicolae_shop_temple_entry_statues_fountains, trog_hazing_becter,
          uniq_josephine
Orc:2:    pubby_orc_utopia, uniq_snorg
Elf:1:    elf_arrival_001, kennysheep_underground_church, minivault_25
Elf:2:    serial_shops, shop, grunt_megastairs_5, uniq_louise
Elf:3:    minmay_elf_hall_circle, basic_altar, serial_shops, shop,
          nicolae_shop_statue_plus
Vaults:1: nicolae_vaults_theta, nicolae_vaults_network_star, v_misc_24,
          v_misc_30, ontoclasm_vaults_twist, vaults_room_pool, serial_shops,
          shop
Vaults:2: vaults_room_pool, vaults_dpeg_diagonal, nicolae_vaults_arrows,
          nicolae_vaults_know_your_exits, hangedman_vaults_slither,
          hangedman_vaults_pinch, vaults_mumra_hexcomb,
          nicolae_vaults_little_squares_4, hangedman_vaults_cutoff,
          nicolae_vaults_big_ls, ontoclasm_vaults_ligature,
          vaults_room_fancy_cross, ontoclasm_vaults_decontamination
Vaults:3: nicolae_vaults_inception_network, nicolae_vaults_little_squares_1,
          hangedman_vaults_slice, minmay_crypt_entry_simple_statues,
          nicolae_vaults_circle_grid_b, vaults_mumra_lcd,
          vaults_standard_mumra_lines, nicolae_vaults_little_squares_4,
          hangedman_vaults_cutoff, vaults_dpeg_ring, v_misc_16, serial_shops,
          shop_fountains, shop_fountains, shop, uniq_saint_roka
Vaults:4: nicolae_vaults_little_ls, v_misc_9, v_misc_27, v_misc_16,
          ontoclasm_vaults_shuriken, nicolae_vaults_yaktaur_gun_rack, v_misc_4,
          nicolae_vaults_display_case, v_misc_27, ontoclasm_vaults_bender,
          nicolae_vaults_theta, ontoclasm_vaults_eye
Vaults:5: serial_shops
Sewer:    sewer_fruit_machine
